 Dungeon Crawl Stone Soup version 0.26-b1-32-g5d43845318 (webtiles) character file.

Game seed: 708986011773349542

19 EnegeticOcto the Chopper (level 2, -10/27 HPs)
             Began as a Deep Dwarf Fighter on Jan 8, 2021.
             Killed from afar by Sigmund (11 damage)
             ... with a puff of flame
             ... on level 2 of the Dungeon.
             The game lasted 00:01:07 (220 turns).

EnegeticOcto the Chopper (Deep Dwarf Fighter)        Turns: 220, Time: 00:01:08

Health: -10/27     AC:  6    Str: 19    XL:     2   Next: 55%
Magic:  2/2        EV:  7    Int:  8    God:
Gold:   23         SH:  9    Dex: 12    Spells: 1/1 levels left

rFire    . . .     SeeInvis .   a - +0 war axe
rCold    . . .     Faith    .   c - +0 kite shield
rNeg     . . .     Spirit   .   b - +0 scale mail
rPois    .         Reflect  .   (no helmet)
rElec    .         Harm     .   (no cloak)
rCorr    .         Rampage  .   (no gloves)
Will     .....                  (no boots)
Stlth    ..........             (no amulet)
HPRegen  0.00/turn              (no ring)
MPRegen  0.08/turn              (no ring)

@: non-regenerating
A: damage resistance, heal wounds, sense surroundings 1, no regeneration
a: Heal Wounds


You were on level 2 of the Dungeon.
You visited 1 branch of the dungeon, and saw 3 of its levels.

You collected 23 gold pieces.

Inventory:

Hand Weapons
 a - a +0 war axe (weapon)
Armour
 b - a +0 scale mail (worn)
 c - a +0 kite shield (worn)
Scrolls
 f - a scroll of identify {unknown}
Potions
 d - a potion of might {@q3}
 e - a potion of curing {unknown}
 g - a potion of mutation {unknown}


   Skills:
 - Level 2.6 Fighting
 + Level 3.5 Axes
 - Level 3.2 Armour
 - Level 3.2 Shields


You had one spell level left.
You didn't know any spells.
Your spell library was empty.

Dungeon Overview and Level Annotations

Branches:
Dungeon (3/15)

Altars:

Annotations:
D:2 Sigmund


Innate Abilities, Weirdness & Mutations

You are resistant to damage.
You can heal yourself by infusing magical energy.
You passively map a small area around you.
You do not regenerate.


Message History

You climb downwards.
There is a stone staircase leading up here.
Found a robe.
Found 10 gold pieces.
You now have 23 gold pieces (gained 10).
You see here a robe.
A hobgoblin comes into view.
The hobgoblin shouts!
You hear a shout!
A hobgoblin comes into view. It is wielding a +0 club.
The hobgoblin hits you but does no damage.
Your shield and scale mail prevent you from hitting the hobgoblin.
The hobgoblin hits you but does no damage.
You block the hobgoblin's attack.
A hobgoblin comes into view. It is wielding a +0 club.
You barely miss the hobgoblin. You block the hobgoblin's attack.
A bat comes into view.
Your scale mail prevents you from hitting the hobgoblin.
The hobgoblin hits you but does no damage.
The hobgoblin barely misses you.
You hit the hobgoblin.
The hobgoblin is heavily wounded.
The hobgoblin hits you but does no damage.
You barely miss the hobgoblin.
The hobgoblin is heavily wounded.
You block the hobgoblin's attack.
The hobgoblin hits you but does no damage.
You hit the hobgoblin.
The hobgoblin is severely wounded.
The hobgoblin hits you.
You slash the hobgoblin!
You kill the hobgoblin!
You slash the hobgoblin!
You kill the hobgoblin!
You slash the hobgoblin!
You kill the hobgoblin!
You block the bat's attack. The bat hits you but does no damage.
The bat hits you but does no damage. The bat hits you but does no damage.
The bat hits you. You block the bat's attack.
You closely miss the bat. The bat hits you.
You closely miss the bat. The bat hits you but does no damage.
The bat completely misses you. You block the bat's attack.
You closely miss the bat. The bat hits you but does no damage.
The bat hits you but does no damage. The bat barely misses you. x2
Things that are here:
a +0 club; a +0 club; a hobgoblin corpse You hit the bat but do no damage.
The bat hits you but does no damage. You block the bat's attack.
The bat barely misses you. x2
You hit the bat but do no damage. You block the bat's attack.
You block the bat's attack. The bat barely misses you.
The bat hits you but does no damage.
You closely miss the bat. You block the bat's attack.
You closely miss the bat. You block the bat's attack.
The bat hits you but does no damage.
You hit the bat but do no damage. The bat barely misses you.
The bat hits you but does no damage. You block the bat's attack.
The bat barely misses you. The bat hits you but does no damage.
You slash the bat!
You kill the bat!
No target in view!
Found a stone staircase leading up.
There is a stone staircase leading up here.
You climb upwards.
Sigmund the Dreaded comes into view.
He is wielding a +0 scythe.
Sigmund drinks a potion.
Sigmund seems to speed up.
There is a stone staircase leading down here.
Sigmund hits you but does no damage.
You hit Sigmund.
Sigmund is lightly wounded.
You block Sigmund's attack.
Sigmund points at himself and mumbles some strange words.
Sigmund flickers and vanishes!
Deactivating autopickup; reactivate with Ctrl-A.
No target in view!
No target in view!
No target in view!
You barely miss something. Something hits you.
You hit something. Something hits you.
You hear some strange, mumbled words.
A puff of flame appears from out of thin air!
The puff of flame hits you.
You slash something! Something hits you.
You closely miss something. Something hits you but does no damage.
Something hits you!
You completely miss something. Something hits you.
* * * LOW HITPOINT WARNING * * *
You hit something.
Something hits you but does no damage. x2
You closely miss something. You block something's attack.
You miss something. Something hits you!
* * * LOW HITPOINT WARNING * * *
You barely miss something. Something hits you. x2
You hit something. You block something's attack.
You closely miss something. Something hits you but does no damage.
You hear some strange, mumbled words.
A puff of flame appears from out of thin air!
The puff of flame hits you!
You die...

#.# #.#*.#######.#.###
, .. #.# ##...........
*#.##.#,..........)...
* ##..#.#
....####.#.#.# * ,
,.....+ ... * #.#.#.#
* #...# . , * #.#.#.#
#..# , , #.#.#.# #.>#
, , #.#.#.. , ##@#* *
#.#.### * #{# ,
....... #.# , #.#.#..
* #.# , , ### #.#* , ,
*** , #.# ,, .. #.#
*### * * #.# , , , ***
* #


There were no monsters in sight!

Vanquished Creatures
  A dart slug (D:2)
  A leopard gecko (D:2)
  2 bats
  A goblin (D:1)
  6 hobgoblins
  2 kobolds (D:2)
  2 rats (D:2)
15 creatures vanquished.

Notes
Turn   | Place    | Note
-------+----------+-------------------------------------------
     0 | D:1      | EnegeticOcto the Deep Dwarf Fighter began the quest for the
                  | Orb.
     0 | D:1      | Reached XP level 1. HP: 20/20 MP: 1/1
    60 | D:2      | Reached XP level 2. HP: 27/27 MP: 2/2
   207 | D:2      | Noticed Sigmund
   217 | D:2      | HP: 1/27 [something (7)]
   220 | D:2      | Killed from afar by Sigmund

Illustrated notes

Levels and vault maps discovered:
D:1:      minmay_arrival_solitary_statue, layout_basic
D:2:      layout_basic, old_standard_altar, lemuel_doored_altar, uniq_sigmund
D:3:      layout_basic, uniq_terence

Skill      XL: |  1 |
---------------+----+-----
Axes           | 3 |  3.5
Fighting       | |  2.6
Armour         | |  3.2
Shields        | |  3.2

Action                   || total
-------------------------++-------
Melee: War axe           ||    43
Armor: Scale mail        ||    27
Dodge: Dodged            ||    22
Block: Kite shield       ||    31
